Map: Overgrown Facility

Players

ILIEKEGGPIE - Winner!

  • Race: Protoss Protoss
  • League: Platinum
  • Spawn Location: 1:00

MysticHunter - Winner!

  • Race: Protoss Protoss
  • Spawn Location: 3:00

Tua

  • Race: Zerg Zerg
  • Spawn Location: 7:00

ZertaniX

  • Race: Terran Terran
  • League: Silver
  • Spawn Location: 9:00

VOD

Have the link to the VOD?

Description

Time

  • Played on: April 27, 2018, 10:53 a.m.
  • Length: 11:52
Show
View Real Time Build Order
Export as new Build Order

ILIEKEGGPIE Protoss - Winner!

Build Orders: 1 Gate Expand, Phoenix Opening 

Get SALT Encoding   

  12  0:01  Probe  
  13  0:13  Probe  
  14  0:22  Pylon  
  14  0:27  Probe  
  15  0:40  Probe  
  16  0:46  Gateway  
  16  0:50  Probe  
  16  0:52  Assimilator  
  17  0:58  Probe  
  18  1:06  Probe  
  19  1:18  Probe  
  20  1:38  Probe  
  20  1:39  Nexus  
  21  1:46  Cybernetics Core  
  21  1:56  Assimilator  
  21  1:58  Probe  
  22  2:09  Pylon  
  22  2:17  Probe  
  22  2:18  Adept  
  23  2:24  Warp Gate  
  23  2:29  Probe  
  26  2:36  Stargate  
  26  2:47  Pylon  
  26  2:55  Probe  
  26  2:56  Adept  
  29  3:01  Probe  
  29  3:03  Probe  
  31  3:13  Stargate  
  31  3:14  Probe  
  31  3:15  Probe  
  33  3:23  Probe  
  33  3:25  Phoenix  
  35  3:27  Probe  
  35  3:31  Adept  
  35  3:32  Probe  
  39  3:40  Probe x2  
  42  3:48  Probe  
  42  3:52  Phoenix  
  42  3:53  Probe  
  46  3:59  Assimilator, Probe  
  47  4:02  Assimilator  
  47  4:06  Probe  
  47  4:07  Probe  
  48  4:12  Phoenix  
  51  4:19  Probe  
  52  4:30  Probe  
  52  4:34  Probe  
  54  4:39  Pylon  
  54  4:41  Pylon  
  54  4:53  Phoenix  
  54  4:57  Probe x2, Nexus  
  54  4:59  Pylon  
  58  5:02  Pylon  
  58  5:08  Phoenix, Probe  
  58  5:11  Probe  
  62  5:15  Forge  
  62  5:16  Probe, Forge  
  62  5:20  Phoenix  
  63  5:23  Probe  
  63  5:24  Probe  
  67  5:35  Probe x2  
  68  5:41  Gateway  
  68  5:42  Gateway  
  69  5:44  Gateway  
  69  6:20  Adept  
  71  6:45  Gateway x2  
  71  6:48  Gateway, Probe  
  71  6:49  Probe  
  71  6:50  Probe  
  71  6:53  Assimilator  
  74  6:55  Assimilator  
  74  7:00  Probe  
  75  7:01  Probe  
  76  7:09  Stalker x4  
  84  7:20  Protoss Ground Armor Level 1, Protoss Ground Weapons Level 1  
  84  7:24  Twilight Council  
  84  7:28  Robotics Facility  
  84  7:31  Robotics Facility  
  84  7:56  Gateway  
  84  8:02  Templar Archives  
  84  8:05  Adept x6  
  94  8:06  Charge  
  94  8:12  Probe x2  
  98  8:13  Probe  
  99  8:22  Shield Battery  
  99  8:23  Shield Battery  
  99  8:24  Probe  
  100  8:28  Shield Battery  
  100  8:33  Psionic Storm  
  100  8:42  Pylon  
  100  8:51  Pylon  
  100  8:53  Pylon  
  90  8:58  Protoss Ground Armor Level 2, Protoss Ground Weapons Level 2  
  90  9:01  Pylon  
  89  9:06  Pylon  
  89  9:24  High Templar x3  
  89  9:25  High Templar x2  
  89  9:29  Zealot x3  
  105  9:39  Probe x3  
  105  9:42  Pylon  
  105  9:44  Pylon  
  108  9:48  Pylon  
  108  9:53  Resonating Glaives  
  108  9:58  Adept x3  
  108  9:59  Zealot  
  116  10:00  Zealot x2  
  116  10:01  Zealot  
  122  10:13  Pylon  
  122  10:14  Probe  
  122  10:15  Probe x2  
  122  10:17  Nexus  
  122  10:20  Pylon  
  125  10:27  Stalker x4  
  132  10:28  High Templar x2  
  132  10:32  Archon  
  132  10:33  Zealot  
  132  10:34  Zealot  
  140  10:45  Gateway  
  140  10:47  Gateway x2  
  140  10:49  Gateway  
  140  10:50  Gateway  
  140  10:53  Gateway  
  140  10:55  Gateway  
  140  11:09  Shield Battery  
  140  11:10  Shield Battery  
  140  11:20  Stalker  
  140  11:21  Stalker x2  
Show
View Real Time Build Order
Export as new Build Order

MysticHunter Protoss - Winner!

Build Orders: Dark Templar Rush 

Get SALT Encoding   

  12  0:02  Probe  
  14  0:14  Probe  
  14  0:26  Pylon  
  14  0:30  Assimilator  
  14  0:40  Probe  
  15  0:50  Probe  
  15  0:51  Gateway  
  16  0:58  Probe  
  17  1:04  Pylon  
  17  1:07  Probe  
  17  1:10  Assimilator  
  18  1:19  Probe  
  19  1:36  Probe  
  19  1:38  Forge  
  19  1:44  Probe, Cybernetics Core  
  21  1:59  Gateway  
  21  2:01  Probe  
  22  2:12  Warp Gate  
  22  2:13  Probe  
  23  2:20  Gateway  
  23  2:34  Twilight Council  
  23  2:40  Probe  
  24  3:04  Pylon  
  24  3:10  Photon Cannon  
  24  3:15  Dark Shrine  
  24  3:25  Photon Cannon  
  24  3:32  Pylon, Photon Cannon  
  24  3:42  Photon Cannon  
  24  4:14  Nexus  
  24  4:29  Dark Templar x2  
  28  4:40  Dark Templar  
  30  5:09  Dark Templar x2  
  28  5:56  Dark Templar x3  
  34  6:37  Dark Templar x3  
  27  7:17  Probe  
  27  7:18  Probe  
  29  7:29  Probe  
  30  7:30  Probe  
  30  7:34  Pylon x2  
  31  7:38  Photon Cannon  
  31  7:39  Photon Cannon  
  31  7:42  Probe x2  
  33  7:44  Gateway  
  33  7:51  Probe x2  
  33  7:58  Pylon  
  35  7:59  Probe x2  
  35  8:02  Stalker, Pylon  
  35  8:04  Assimilator  
  39  8:08  Assimilator, Probe x2  
  41  8:16  Dark Shrine  
  41  8:18  Probe  
  41  8:19  Charge, Probe  
  41  8:22  Protoss Ground Weapons Level 1  
  41  8:27  Probe x2  
  45  8:35  Probe x2  
  45  8:37  Photon Cannon  
  45  8:38  Photon Cannon  
  47  8:42  Photon Cannon  
  47  8:45  Probe  
  47  8:46  Probe  
  43  8:57  Probe  
  43  8:58  Probe  
  45  9:04  Stalker x2  
  45  9:05  Stalker  
  45  9:09  Probe  
  52  9:29  Robotics Facility  
  52  9:30  Robotics Facility  
  50  9:38  Nexus  
  50  9:48  Pylon  
  50  9:52  Pylon  
  50  9:53  Stalker  
  50  9:54  Stalker, Pylon  
  50  9:55  Stalker  
  50  9:58  Stalker, Pylon  
  58  10:02  Pylon  
  58  10:16  Immortal  
  58  10:20  Observer  
  63  10:33  Immortal  
  67  10:47  Probe x2  
  69  10:52  Dark Templar  
  71  10:59  Probe x2  
  72  11:09  Dark Templar x2  
  75  11:11  Probe  
  55  11:41  Dark Templar x2  
Show
View Real Time Build Order
Export as new Build Order

Tua Zerg 

Build Orders: Hatch First 

Get SALT Encoding   

  12  0:06  Drone  
  13  0:27  Drone  
  14  0:29  Overlord  
  14  0:51  Drone x3  
  17  1:00  Hatchery  
  17  1:02  Drone  
  17  1:15  Drone  
  18  1:26  Spawning Pool  
  18  1:28  Drone  
  18  1:37  Extractor  
  17  1:41  Drone  
  18  1:49  Drone  
  19  1:56  Drone  
  20  2:07  Drone  
  21  2:13  Queen  
  23  2:19  Roach Warren  
  23  2:21  Queen  
  24  2:24  Drone x3  
  27  2:35  Overlord  
  27  2:36  Drone  
  28  2:55  Drone x3  
  31  2:59  Extractor  
  30  3:11  Overlord  
  30  3:12  Overlord  
  30  3:16  Roach x2  
  34  3:25  Roach  
  36  3:32  Roach x4  
  36  3:33  Roach  
  46  3:40  Overlord x2  
  50  3:48  Roach x3  
  52  3:56  Overlord  
  52  4:02  Roach  
  54  4:03  Roach  
  56  4:26  Drone x5  
  61  4:33  Spore Crawler  
  61  4:35  Spore Crawler  
  59  4:46  Drone x2  
  59  4:47  Drone  
  58  5:11  Spine Crawler  
  58  5:13  Spine Crawler  
  56  5:16  Spine Crawler  
  56  5:21  Lair  
  55  5:24  Spine Crawler  
  45  5:54  Extractor  
  45  5:56  Spore Crawler  
  43  6:02  Spawning Pool  
  42  6:14  Spore Crawler  
  42  6:17  Drone x3  
  42  6:18  Drone x2  
  46  6:44  Hatchery  
  45  6:49  Overseer  
  43  7:00  Overlord x2  
  35  7:03  Extractor  
  28  7:09  Pneumatized Carapace  
  22  7:22  Overseer x2  
  22  7:37  Extractor  
  21  7:57  Drone x5  
  21  7:58  Drone x2  
  28  8:07  Zergling x2  
  28  8:50  Hydralisk Den  
  27  9:17  Hatchery  
  27  9:23  Muscular Augments  
  26  9:30  Hydralisk  
  26  9:31  Hydralisk x2  
  32  9:51  Hydralisk x4  
  40  10:35  Grooved Spines  
  40  10:44  Drone  
  40  10:45  Drone x6  
  47  10:55  Drone x2  
  49  11:46  Lurker Den  
Show
View Real Time Build Order
Export as new Build Order

ZertaniX Terran 

Build Orders:  

Get SALT Encoding   

  12  0:02  SCV  
  13  0:20  SCV  
  14  0:22  Supply Depot  
  14  0:32  SCV  
  15  0:40  Refinery  
  15  0:45  SCV  
  15  0:47  Barracks  
  16  0:57  SCV  
  17  1:09  SCV  
  18  1:21  SCV  
  19  1:30  Barracks  
  19  1:33  SCV  
  19  1:36  Barracks  
  20  1:42  Barracks Reactor  
  20  1:45  Supply Depot  
  20  1:52  Orbital Command  
  20  2:20  Barracks Reactor  
  21  2:22  SCV  
  21  2:23  Refinery  
  21  2:26  Barracks Reactor  
  21  2:35  SCV  
  21  2:36  Barracks Tech Lab  
  22  2:47  SCV  
  23  2:54  Command Center  
  23  3:05  Marine x5  
  28  3:23  Marine x3  
  31  3:30  Supply Depot  
  31  3:34  Stimpack  
  31  3:41  Supply Depot  
  31  3:51  Marine x5  
  36  4:07  Orbital Command  
  36  4:09  Marine x4  
  40  4:11  Marine  
  41  4:19  Factory  
  41  4:27  Marine x3  
  41  4:31  Marine x2  
  46  4:45  Marine x3  
  49  4:48  Marine  
  49  4:49  Marine  
  51  5:02  Marine x2  
  51  5:03  Marine, Factory Tech Lab  
  51  5:06  Marine  
  55  5:07  Marine  
  56  5:35  Marine x5  
  61  5:45  Supply Depot  
  61  5:49  Supply Depot  
  60  5:53  Marine x2  
  62  6:06  Marine x3  
  62  6:10  Marine  
  62  6:11  Marine  
  65  6:24  Marine x3  
  58  6:28  Marine  
  58  6:29  Marine  
  60  6:42  Marine x3  
  60  6:46  Marine  
  60  6:47  Marine  
  53  7:00  Marine x3  
  53  7:04  Marine x2  
  51  7:17  Marine x3  
  51  7:22  Marine x2  
  56  7:34  Starport  
  56  7:35  Marine x3  
  59  7:39  Marine  
  59  7:40  Marine, Factory Tech Lab  
  56  7:53  Marine  
  57  8:16  Raven  
  59  8:28  Supply Depot  
  55  8:59  Raven  
  57  9:10  Starport  
  57  9:20  SCV  
  57  9:42  Raven  
  59  9:50  Medivac  
  61  9:55  Supply Depot  
  61  10:03  Marine x3  
  61  10:04  Marine  
  65  10:20  Medivac  
  67  10:25  Raven  
  69  10:33  SCV  
  70  10:45  SCV  
  71  10:50  Medivac  
  73  10:57  SCV  
  74  11:10  SCV  
  75  11:20  Medivac  
  75  11:22  SCV  
Tags
 
Add a new tag
Caveats
  • Supply blocks, unpowered buildings, or Contaminate may cause inaccurate times.
  • Supply counts are checked every 10 seconds.